[Event "ICC tourney 2198 (45 10)"]
[Site "Internet Chess Club"]
[Date "2020.12.12"]
[Round "2"]
[White "ashikuzzaman"]
[Black "Enamul"]
[Result "1/2-1/2"]
[ICCResult "Game drawn by mutual agreement"]
[WhiteElo "1943"]
[BlackElo "2476"]
[Opening "Sicilian: closed"]
[ECO "B23"]
[NIC "SI.44"]
[Time "13:35:41"]
[PlyCount "154"]
[TimeControl "2700+10"]


1. e4 c5 2. Nc3 a6 3. f4 b5 4. Nf3 Bb7 5. d3 e6 6. g3 d5 7. exd5 exd5 8.
Bg2 Nf6 9. O-O Be7 10. Ne5 O-O 11. Bd2 Nbd7 12. Kh1 Bd6 13. Qf3 b4 14. Nxd7
Qxd7 15. Ne2 Rfe8 16. Rae1 Qa4 17. b3 Qxa2 18. Rc1 Rab8 19. Ng1 d4 20. Qd1
Bxg2+ 21. Kxg2 Qa5 22. Ra1 Qb6 23. h3 a5 24. Re1 Rxe1 25. Qxe1 Qc6+ 26. Nf3
Ra8 27. Kf2 a4 28. bxa4 Rxa4 29. Rxa4 Qxa4 30. Qb1 h6 31. Nh4 c4 32. Nf5
Bc5 33. g4 c3 34. Bc1 Qa8 35. Ng3 Bd6 36. Qb3 Qa1 37. Ne2 Qa8 38. g5 hxg5
39. fxg5 Nd7 40. g6 Ne5 41. gxf7+ Kh7 42. Nxd4 Bc5 43. Be3 Bxd4 44. Bxd4
Qf3+ 45. Ke1 Qh1+ 46. Ke2 Qf3+ 47. Ke1 Qh1+ 48. Ke2 Qg2+ 49. Bf2 Qf3+ 50.
Ke1 Qf4 51. Bc5 Qd2+ 52. Kf1 Qd1+ 53. Kf2 Qd2+ 54. Kf1 Qf4+ 55. Ke2 Nxf7
56. Bxb4 Qd2+ 57. Kf1 Qd1+ 58. Kf2 Qd2+ 59. Kf3 Ng5+ 60. Kg4 Kg6 61. Bxc3
Qe2+ 62. Kf4 Nxh3+ 63. Kg3 Qe3+ 64. Kh2 Nf4 65. Qb7 Qf2+ 66. Kh1 Qf1+ 67.
Kh2 Qf2+ 68. Kh1 Qh4+ 69. Kg1 Qg4+ 70. Kf1 Qd1+ 71. Kf2 Qxc2+ 72. Ke3 Qxd3+
73. Kxf4 Qxc3 74. Qe4+ Kf7 75. Qd5+ Ke7 76. Qe5+ Qxe5+ 77. Kxe5 Kf7 { Game
drawn by mutual agreement } 1/2-1/2

[Event "ICC tourney 2198 (45 10)"]
[Site "Internet Chess Club"]
[Date "2020.12.12"]
[Round "2"]
[White "Mrpeetapizza"]
[Black "DanielA1926"]
[Result "0-1"]
[ICCResult "White resigns"]
[WhiteElo "1877"]
[BlackElo "1633"]
[Opening "Sicilian defense"]
[ECO "B44"]
[NIC "SI.39"]
[Time "13:35:37"]
[PlyCount "68"]
[TimeControl "2700+10"]


1. e4 c5 2. Nf3 e6 3. d4 cxd4 4. Nxd4 Nc6 5. c4 a6 6. Nc3 Qc7 7. Be2 Bb4 8.
O-O Nge7 9. Be3 O-O 10. a3 Bxc3 11. bxc3 Rd8 12. f4 d5 13. cxd5 exd5 14. e5
Nf5 15. Nxf5 Bxf5 16. Bf3 Ne7 17. Bd4 Nc6 18. Be3 Ne7 19. g4 Be4 20. Qb3
Bxf3 21. Rxf3 b5 22. Rh3 Rac8 23. Bd4 Nc6 24. Qb1 h6 25. Bf2 d4 26. g5 Qd7
27. Rh4 dxc3 28. gxh6 Nd4 29. Qe4 c2 30. Rc1 Nf5 31. Rh3 Qd1+ 32. Qe1 Qg4+
33. Rg3 Nxg3 34. Bxg3 Rd1 { White resigns } 0-1

[Event "ICC tourney 2198 (45 10)"]
[Site "Internet Chess Club"]
[Date "2020.12.12"]
[Round "2"]
[White "chesslin"]
[Black "audreykeyanli"]
[Result "0-1"]
[ICCResult "White forfeits on time"]
[WhiteElo "1804"]
[BlackElo "1240"]
[Opening "Queen's pawn, Mason variation"]
[ECO "D00"]
[NIC "QP.08"]
[Time "13:36:13"]
[PlyCount "134"]
[TimeControl "2700+10"]


1. d4 d5 2. Bf4 Nf6 3. e3 a6 4. Nd2 e6 5. Bd3 c5 6. c3 Nc6 7. Ngf3 Be7 8.
h3 h6 9. Bc2 O-O 10. Ne5 cxd4 11. exd4 Bd6 12. O-O Qc7 13. Re1 b5 14. Qf3
Nxd4 15. cxd4 Qxc2 16. Rec1 Qa4 17. Nb3 Ne4 18. Nc6 b4 19. Bxd6 Nxd6 20.
Qf4 Nc4 21. Ne7+ Kh7 22. Rxc4 dxc4 23. Qe4+ f5 24. Qxa8 cxb3 25. Nxc8 bxa2
26. Nb6 Rxa8 27. Nxa4 b3 28. Kf1 Rb8 29. Ke2 Rb4 30. Nc5 Rxd4 31. Nxb3 Rb4
32. Nc5 Rxb2+ 33. Ke3 e5 34. Nxa6 g5 35. Nc5 Rc2 36. Nd3 e4 37. Nc1 Rc4 38.
Kd2 Rd4+ 39. Kc2 Rc4+ 40. Kb3 Rd4 41. Rxa2 Rd1 42. Ne2 f4 43. Nc3 Re1 44.
Re2 Rg1 45. Kc4 Rxg2 46. Kd4 f3 47. Ra2 Rh2 48. Kxe4 Rxh3 49. Kf5 Rh4 50.
Ra7+ Kg8 51. Nd5 Kf8 52. Kf6 Ke8 53. Ra3 g4 54. Ke6 Kf8 55. Ra8+ Kg7 56.
Ra7+ Kg6 57. Nf4+ Kg5 58. Ke5 h5 59. Ra6 Rh1 60. Rg6+ Kh4 61. Rh6 Kg5 62.
Rg6+ Kh4 63. Kf5 Ra1 64. Rd6 Ra5+ 65. Kf6 g3 66. Rd4 gxf2 67. Nxh5+ Kxh5 {
White forfeits on time } 0-1

[Event "ICC tourney 2198 (45 10)"]
[Site "Internet Chess Club"]
[Date "2020.12.12"]
[Round "2"]
[White "jy2020"]
[Black "kralj8"]
[Result "1/2-1/2"]
[ICCResult "Game drawn by mutual agreement"]
[WhiteElo "2227"]
[BlackElo "1935"]
[Opening "Ruy Lopez: fianchetto (Smyslov/Barnes) defense"]
[ECO "C60"]
[NIC "RL.03"]
[Time "13:35:20"]
[PlyCount "102"]
[TimeControl "2700+10"]


1. e4 e5 2. Nf3 Nc6 3. Bb5 g6 4. O-O Bg7 5. Re1 a6 6. Ba4 b5 7. Bb3 Na5 8.
c3 Nxb3 9. axb3 d6 10. d4 exd4 11. cxd4 Bg4 12. Be3 Ne7 13. h3 Bxf3 14.
Qxf3 O-O 15. Nc3 b4 16. Na4 Nc6 17. Rad1 Na5 18. Rd3 Qe8 19. Bd2 Rb8 20.
Rc1 Nxb3 21. Rxb3 Qxa4 22. Rxc7 Bxd4 23. Bh6 Bg7 24. Bf4 Be5 25. Bxe5 dxe5
26. Kh2 Qb5 27. Qf6 Rb6 28. Qe7 Qe8 29. Qc5 Qb5 30. Qe3 Rb7 31. Rc5 Qe8 32.
Qd2 Qa4 33. Rd3 Qe8 34. Rdd5 f6 35. Rd6 Qe7 36. Qd5+ Qf7 37. Qc6 Re7 38.
Qxa6 f5 39. Rcc6 Kg7 40. Qb5 fxe4 41. Qxb4 Qf4+ 42. Kh1 Ref7 43. Qc5 Kg8
44. Qd5 Qxf2 45. Rf6 Qe1+ 46. Kh2 Qh4 47. Rce6 Qg5 48. Rxf7 Rxf7 49. Qxe5
Qxe5+ 50. Rxe5 Rb7 51. Rxe4 Rxb2 { Game drawn by mutual agreement } 1/2-1/2

[Event "ICC tourney 2198 (45 10)"]
[Site "Internet Chess Club"]
[Date "2020.12.12"]
[Round "2"]
[White "Natey"]
[Black "MrNormalName"]
[Result "0-1"]
[ICCResult "White checkmated"]
[WhiteElo "1745"]
[BlackElo "2181"]
[Opening "Ruy Lopez: Berlin defense, open variation"]
[ECO "C67"]
[NIC "RL.07"]
[Time "13:36:12"]
[PlyCount "148"]
[TimeControl "2700+10"]


1. e4 e5 2. Nf3 Nc6 3. Bb5 Nf6 4. O-O Nxe4 5. d4 Nd6 6. Bxc6 dxc6 7. dxe5
Nf5 8. Qxd8+ Kxd8 9. Nc3 Be7 10. Bf4 Nh4 11. Nxh4 Bxh4 12. Rad1+ Ke8 13.
Ne4 Bf5 14. Nc5 b6 15. Nd3 Be7 16. Rfe1 Rd8 17. e6 Bxe6 18. Bxc7 Rd7 19.
Be5 Rg8 20. Bc3 Kd8 21. Nf4 Bf5 22. Rxd7+ Kxd7 23. Rd1+ Kc7 24. Be5+ Kc8
25. c4 f6 26. Bc3 Rd8 27. Re1 Bd6 28. Nh5 Bf8 29. Ng3 Bg6 30. f4 Bc5+ 31.
Kh1 Bf2 32. Rf1 Bxg3 33. hxg3 Bd3 34. Rc1 c5 35. b3 Be4 36. Re1 f5 37. g4
g6 38. gxf5 gxf5 39. Re3 Rg8 40. Re2 Rg3 41. Be5 Rd3 42. Kh2 Kb7 43. Kg1
Kc6 44. Kf2 h5 45. Bf6 a5 46. Rb2 Rd6 47. Be5 Rd1 48. Bf6 Rc1 49. Kg3 Rc2
50. Kh4 Rxb2 51. Bxb2 Bxg2 52. Kxh5 Be4 53. Kg5 Bb1 54. a3 Bc2 55. Kf6 Bxb3
56. Kxf5 Bxc4 57. Ke4 Kb5 58. Ke3 Ka4 59. Kd2 Kb3 60. Kc1 b5 61. f5 Bf7 62.
f6 Bg6 63. f7 Bxf7 64. Kb1 Bg6+ 65. Ka1 c4 66. Bc1 c3 67. a4 Kxa4 68. Ba3
Kb3 69. Bc1 Kc2 70. Bg5 b4 71. Bh6 b3 72. Bc1 b2+ 73. Ka2 b1=Q+ 74. Ka3
Qb3# { White checkmated } 0-1

[Event "ICC tourney 2198 (45 10)"]
[Site "Internet Chess Club"]
[Date "2020.12.12"]
[Round "2"]
[White "Mengocat"]
[Black "USChessNinja"]
[Result "0-1"]
[ICCResult "White resigns"]
[WhiteElo "1969"]
[BlackElo "1598"]
[Opening "Sicilian: Canal-Sokolsky attack, 3...Bd7"]
[ECO "B52"]
[NIC "SI.01"]
[Time "13:35:31"]
[PlyCount "120"]
[TimeControl "2700+10"]


1. e4 c5 2. Nf3 d6 3. Bb5+ Bd7 4. Bxd7+ Nxd7 5. O-O Ngf6 6. Re1 g6 7. c3
Bg7 8. d4 cxd4 9. cxd4 O-O 10. Nc3 Rc8 11. Bg5 h6 12. Be3 Ng4 13. Bf4 e5
14. Bg3 exd4 15. Nxd4 h5 16. Ndb5 Nge5 17. Nxd6 Rc6 18. Ndb5 a6 19. Nd4 Rd6
20. Nce2 h4 21. Bf4 Nc5 22. Bxe5 Bxe5 23. Qc2 Qb6 24. Nf3 Nd3 25. Rf1 Bxb2
26. Rab1 Rfd8 27. Nxh4 Rc6 28. Qd2 Nxf2 29. Qxb2 Nh3+ 30. Kh1 Nf2+ 31. Rxf2
Qxf2 32. Nf3 Rcd6 33. Nfg1 Rd2 34. Qxb7 Rxe2 35. Nxe2 Qxe2 36. Kg1 Rd1+ 37.
Rxd1 Qxd1+ 38. Kf2 Qd2+ 39. Kf3 Qxa2 40. Qb8+ Kh7 41. Qa7 a5 42. e5 Qd5+
43. Kf2 Qxe5 44. Qxf7+ Kh6 45. Qf8+ Kh5 46. Qf3+ Kg5 47. Qd1 Qf5+ 48. Kg1
Qc5+ 49. Kf1 Qc4+ 50. Kf2 a4 51. Qd8+ Kf5 52. Qd7+ Ke4 53. Qe8+ Kd3 54.
Qxg6+ Kc3 55. Qf6+ Qd4+ 56. Qxd4+ Kxd4 57. g4 a3 58. g5 a2 59. g6 a1=Q 60.
g7 Qa8 { White resigns } 0-1

[Event "ICC tourney 2198 (45 10)"]
[Site "Internet Chess Club"]
[Date "2020.12.12"]
[Round "3"]
[White "dabpacman"]
[Black "HarleyQueen8"]
[Result "0-1"]
[ICCResult "White resigns"]
[WhiteElo "1466"]
[BlackElo "1867"]
[Opening "Sicilian: Grand Prix attack, Schofman variation"]
[ECO "B23"]
[NIC "SI.44"]
[Time "16:02:07"]
[PlyCount "40"]
[TimeControl "2700+10"]


1. e4 c5 2. Nc3 Nc6 3. f4 g6 4. Nf3 Bg7 5. Bc4 e6 6. f5 exf5 7. O-O Nge7 8.
d3 O-O 9. Qe1 fxe4 10. Nxe4 d5 11. Nxc5 dxc4 12. dxc4 Bf5 13. Bg5 Re8 14.
Rd1 Qc7 15. Nb3 Bxc2 16. Rd2 Bxb3 17. axb3 Qb6+ 18. Kh1 Qxb3 19. Qh4 Nf5
20. Qh3 Qxc4 { White resigns } 0-1

[Event "ICC tourney 2198 (45 10)"]
[Site "Internet Chess Club"]
[Date "2020.12.12"]
[Round "3"]
[White "Spence9000"]
[Black "AmyMGL"]
[Result "0-1"]
[ICCResult "White resigns"]
[WhiteElo "1625"]
[BlackElo "1900"]
[Opening "Sicilian: Kan, 5.Nc3"]
[ECO "B43"]
[NIC "SI.41"]
[Time "16:02:15"]
[PlyCount "46"]
[TimeControl "2700+10"]


1. e4 c5 2. Nf3 e6 3. d4 cxd4 4. Nxd4 a6 5. Nc3 Qc7 6. Be2 Nf6 7. O-O Bb4
8. Bd2 Bxc3 9. Bxc3 Nxe4 10. Bb4 Qb6 11. c3 d5 12. Bf3 Nc5 13. Nb3 Nxb3 14.
axb3 Nc6 15. Ba3 Ne5 16. Bxd5 exd5 17. Re1 f6 18. Qxd5 Be6 19. Qd6 Qxd6 20.
Bxd6 Kf7 21. Bxe5 fxe5 22. Rxe5 Bxb3 23. Rae1 Rhe8 { White resigns } 0-1

[Event "ICC tourney 2198 (45 10)"]
[Site "Internet Chess Club"]
[Date "2020.12.12"]
[Round "3"]
[White "ved2006"]
[Black "SupaHotFiya"]
[Result "0-1"]
[ICCResult "White resigns"]
[WhiteElo "1719"]
[BlackElo "1982"]
[Opening "Queen's Pawn"]
[ECO "A41"]
[NIC "QO.17"]
[Time "16:02:03"]
[PlyCount "84"]
[TimeControl "2700+10"]


1. d4 d6 2. Nf3 g6 3. Bf4 Bg7 4. e3 Nd7 5. c4 e5 6. dxe5 dxe5 7. Bg3 Nh6 8.
Nc3 Nf5 9. Qb3 Nxg3 10. hxg3 O-O 11. Be2 Nc5 12. Qc2 Bf5 13. e4 Bd7 14. Rd1
c6 15. O-O Ne6 16. Rd3 Nd4 17. Nxd4 exd4 18. Nb1 c5 19. Nd2 Re8 20. Bf3 Bc6
21. Nb3 b6 22. Rdd1 Qc7 23. Rfe1 Re7 24. Qd3 Rae8 25. Re2 Qb7 26. Nd2 Bh6
27. Rde1 Bxd2 28. Qxd2 Bxe4 29. Bxe4 Rxe4 30. f3 Rxe2 31. Rxe2 Rxe2 32.
Qxe2 Qd7 33. b3 d3 34. Qd2 Qd4+ 35. Kf1 a6 36. g4 b5 37. cxb5 axb5 38. a4
bxa4 39. bxa4 c4 40. a5 c3 41. Qc1 d2 42. Qd1 c2 { White resigns } 0-1

[Event "ICC tourney 2198 (45 10)"]
[Site "Internet Chess Club"]
[Date "2020.12.12"]
[Round "3"]
[White "VibrantBroccoli"]
[Black "landonp"]
[Result "1-0"]
[ICCResult "Black checkmated"]
[WhiteElo "1811"]
[BlackElo "1426"]
[Opening "Evans gambit"]
[ECO "C51"]
[NIC "IG.05"]
[Time "16:01:58"]
[PlyCount "53"]
[TimeControl "2700+10"]


1. e4 e5 2. Nf3 Nc6 3. Bc4 Bc5 4. b4 Bxb4 5. c3 Bc5 6. d4 exd4 7. O-O Nf6
8. cxd4 Bb6 9. e5 d5 10. exf6 dxc4 11. fxg7 Rg8 12. Re1+ Ne7 13. Ba3 c5 14.
Qc2 Rxg7 15. dxc5 Bc7 16. c6 Bd6 17. Qa4 Kf8 18. Rd1 Nf5 19. Nc3 Rg6 20.
Ne4 Qc7 21. Nxd6 Nxd6 22. Ne5 Re6 23. Nxc4 Kg8 24. Nxd6 bxc6 25. Nf5 Bb7
26. Qd4 Rae8 27. Qg7# { Black checkmated } 1-0

[Event "ICC tourney 2198 (45 10)"]
[Site "Internet Chess Club"]
[Date "2020.12.12"]
[Round "3"]
[White "AlexW2007"]
[Black "loveEdinburgh"]
[Result "1-0"]
[ICCResult "Black resigns"]
[WhiteElo "2107"]
[BlackElo "1828"]
[Opening "QGD Slav: Dutch variation"]
[ECO "D18"]
[NIC "SL.05"]
[Time "16:02:06"]
[PlyCount "51"]
[TimeControl "2700+10"]


1. d4 d5 2. c4 c6 3. Nf3 Nf6 4. Nc3 dxc4 5. a4 Bf5 6. e3 e6 7. Bxc4 Bb4 8.
O-O a5 9. Qe2 O-O 10. e4 Bg4 11. Rd1 Qc7 12. Bg5 Nbd7 13. Bh4 Rfe8 14. Bg3
Qb6 15. Rac1 Rac8 16. h3 Bh5 17. Qe3 h6 18. Be2 Bg6 19. Nd2 Qa7 20. Bf3 c5
21. Nb5 Qa8 22. Nc7 cxd4 23. Qxd4 Rxc7 24. Bxc7 Bc5 25. Rxc5 Nxc5 26. Qxc5
{ Black resigns } 1-0

[Event "ICC tourney 2198 (45 10)"]
[Site "Internet Chess Club"]
[Date "2020.12.12"]
[Round "3"]
[White "Leolix"]
[Black "KRASAVCHIK"]
[Result "0-1"]
[ICCResult "White resigns"]
[WhiteElo "1947"]
[BlackElo "2648"]
[Opening "Queen's pawn: London system"]
[ECO "A45"]
[NIC "QP.07"]
[Time "16:02:51"]
[PlyCount "86"]
[TimeControl "2700+10"]


1. d4 Nf6 2. Bf4 g6 3. Nc3 d5 4. e3 Bg7 5. h4 h5 6. Nf3 c5 7. Nb5 Na6 8. c3
O-O 9. Be2 Bd7 10. a4 Ne4 11. O-O c4 12. Ne5 Bc6 13. Bf3 Nd6 14. Nxc6 bxc6
15. Nxd6 exd6 16. b3 cxb3 17. Qxb3 Nc7 18. Rfb1 Ne6 19. Bg3 Bf6 20. c4 dxc4
21. Qxc4 Rc8 22. Bxc6 Bxh4 23. Bxh4 Qxh4 24. Qd5 Rc7 25. Qe4 Qf6 26. d5 Nc5
27. Qc4 Re7 28. Rd1 Re4 29. Rd4 Rb8 30. Re1 Rb2 31. Rf1 Rxd4 32. Qxd4 Qxd4
33. exd4 Ne4 34. Re1 Nxf2 35. Re8+ Kg7 36. Rd8 Ne4 37. Rd7 h4 38. Rxa7 Rb1+
39. Kh2 Nf2 40. g4 Nxg4+ 41. Kh3 Nf2+ 42. Kxh4 Rg1 43. Bd7 Kh6 { White
resigns } 0-1

[Event "ICC tourney 2198 (45 10)"]
[Site "Internet Chess Club"]
[Date "2020.12.12"]
[Round "3"]
[White "Volkov"]
[Black "gsmenon"]
[Result "1-0"]
[ICCResult "Black checkmated"]
[WhiteElo "2607"]
[BlackElo "1920"]
[Opening "QGD: exchange, positional line, 5...c6"]
[ECO "D35"]
[NIC "QO.16"]
[Time "16:02:07"]
[PlyCount "51"]
[TimeControl "2700+10"]


1. d4 d5 2. c4 e6 3. Nc3 Nf6 4. cxd5 exd5 5. Bg5 c6 6. e3 Bd6 7. Bd3 h6 8.
Bh4 O-O 9. Qc2 Re8 10. a3 a5 11. Nge2 Na6 12. h3 Nc7 13. O-O Ne6 14. Rae1
Ng5 15. Nf4 Nf3+ 16. gxf3 g5 17. Nce2 gxh4 18. Kh1 Kh8 19. Rg1 Bd7 20. Bg6
Rf8 21. Bxf7 Rxf7 22. Ng6+ Kg8 23. Ne5+ Rg7 24. Rxg7+ Kxg7 25. Qg6+ Kh8 26.
Nf7# { Black checkmated } 1-0

[Event "ICC tourney 2198 (45 10)"]
[Site "Internet Chess Club"]
[Date "2020.12.12"]
[Round "3"]
[White "Openyagami"]
[Black "BranKing"]
[Result "1-0"]
[ICCResult "Black resigns"]
[WhiteElo "2604"]
[BlackElo "2102"]
[Opening "English: Anglo-Dutch defense"]
[ECO "A10"]
[NIC "HD.14"]
[Time "16:02:14"]
[PlyCount "59"]
[TimeControl "2700+10"]


1. c4 f5 2. g3 Nf6 3. Bg2 e5 4. Nf3 d6 5. O-O Be7 6. Nc3 O-O 7. d3 Nc6 8.
Rb1 Qe8 9. b4 Qh5 10. e3 f4 11. b5 Nd8 12. exf4 Bg4 13. Re1 Ne6 14. h3 Bxh3
15. Ng5 Bg4 16. f3 exf4 17. Rxe6 Bxe6 18. Nxe6 fxg3 19. Nxf8 Rxf8 20. Qe1
Qh2+ 21. Kf1 Re8 22. Qe6+ Kh8 23. Qh3 Nh5 24. Ne4 c6 25. bxc6 bxc6 26. Qd7
Rf8 27. Qxe7 Rxf3+ 28. Bxf3 Qh3+ 29. Bg2 Qf5+ 30. Kg1 { Black resigns } 1-0

[Event "ICC tourney 2198 (45 10)"]
[Site "Internet Chess Club"]
[Date "2020.12.12"]
[Round "3"]
[White "kwen2008"]
[Black "wangfang75"]
[Result "0-1"]
[ICCResult "White resigns"]
[WhiteElo "1745"]
[BlackElo "1858"]
[Opening "QGD: exchange, positional line"]
[ECO "D35"]
[NIC "QO.16"]
[Time "16:02:01"]
[PlyCount "112"]
[TimeControl "2700+10"]


1. d4 d5 2. c4 e6 3. Nc3 Nf6 4. cxd5 exd5 5. Bg5 Be7 6. Qc2 h6 7. Bh4 O-O
8. e3 Be6 9. Bd3 Nbd7 10. Nf3 Rc8 11. O-O c5 12. dxc5 Nxc5 13. Bf5 Nfe4 14.
Bxe7 Qxe7 15. Bxe6 fxe6 16. Rac1 Nd7 17. Qe2 Nxc3 18. bxc3 Rc4 19. Nd2 Rc6
20. c4 Rfc8 21. e4 Qf7 22. Rc2 b5 23. exd5 exd5 24. c5 Rxc5 25. Rxc5 Rxc5
26. Nb3 Rc4 27. Rd1 a6 28. Qd2 Nf6 29. f3 Qg6 30. Rc1 Qg5 31. Qxg5 hxg5 32.
Rxc4 dxc4 33. Nc5 a5 34. Kf2 Nd5 35. Ke1 Nc3 36. a3 Nb1 37. a4 b4 38. Kd1
b3 39. Kc1 Nc3 40. Kb2 Nd5 41. Nb7 Nb6 42. Nc5 Kf7 43. Ka3 Ke7 44. Nb7 Nxa4
45. Nxa5 b2 46. Ka2 c3 47. Kb1 Kd6 48. Kc2 Kd5 49. g3 Nb6 50. h4 gxh4 51.
gxh4 Nc4 52. Nxc4 Kxc4 53. f4 Kd4 54. f5 Ke5 55. h5 Kxf5 56. h6 gxh6 {
White resigns } 0-1

[Event "ICC tourney 2198 (45 10)"]
[Site "Internet Chess Club"]
[Date "2020.12.12"]
[Round "3"]
[White "KittiesRock18"]
[Black "Chesslegend21"]
[Result "1/2-1/2"]
[ICCResult "Game drawn by mutual agreement"]
[WhiteElo "1864"]
[BlackElo "2132"]
[Opening "Sicilian: Pelikan (Lasker/Sveshnikov) variation"]
[ECO "B33"]
[NIC "SI.35"]
[Time "16:02:32"]
[PlyCount "152"]
[TimeControl "2700+10"]


1. e4 c5 2. Nf3 Nc6 3. d4 cxd4 4. Nxd4 Nf6 5. Nc3 e5 6. Nxc6 bxc6 7. Bg5
Be7 8. Bc4 O-O 9. O-O Nxe4 10. Bxe7 Nxc3 11. Qd6 Ne4 12. Qa3 Qe8 13. Bxf8
Qxf8 14. Qxf8+ Kxf8 15. Rad1 d5 16. Bd3 Nc5 17. f3 Rb8 18. b3 a5 19. Rfe1
Nxd3 20. cxd3 f6 21. Kf2 Bf5 22. Ke3 d4+ 23. Kd2 Ke7 24. g4 Be6 25. Rc1 Kd6
26. f4 exf4 27. Re4 g5 28. Rxd4+ Bd5 29. Kc3 Re8 30. Ra4 f3 31. Rc2 Re1 32.
Rxa5 Rg1 33. Rf2 Rg2 34. Rf1 Rxg4 35. Rxd5+ Kxd5 36. Rxf3 Rg2 37. h3 Rxa2
38. Rxf6 Rg2 39. Rh6 Rh2 40. Rxh7 Ke5 41. Rh6 Rh1 42. b4 Kf4 43. Re6 Kg3
44. Rg6 Kf4 45. Rf6+ Ke5 46. Rf3 Rc1+ 47. Kd2 Rb1 48. Rg3 Kf5 49. Rg4 Rh1
50. Rg3 Kf4 51. Rg4+ Kf5 52. Rg3 Kg6 53. Kc3 Kh5 54. Kd4 Rf1 55. Kc5 Rf6
56. b5 cxb5 57. Kxb5 Kh4 58. Re3 g4 59. hxg4 Kxg4 60. Re4+ Kf5 61. Kc5 Rf8
62. Re7 Rc8+ 63. Kb5 Rd8 64. Kc4 Rc8+ 65. Kd4 Rd8+ 66. Kc3 Rc8+ 67. Kd2 Rd8
68. Re4 Rd5 69. Kc3 Rd8 70. Re3 Rc8+ 71. Kd4 Rd8+ 72. Kc4 Rc8+ 73. Kd5 Rd8+
74. Kc6 Kf4 75. Rh3 Kg4 76. Re3 Kf4 { Game drawn by mutual agreement }
1/2-1/2

[Event "ICC tourney 2198 (45 10)"]
[Site "Internet Chess Club"]
[Date "2020.12.12"]
[Round "3"]
[White "abi2009"]
[Black "chesslin"]
[Result "0-1"]
[ICCResult "White resigns"]
[WhiteElo "1712"]
[BlackElo "1804"]
[Opening "Pirc: classical (two knights) system"]
[ECO "B06"]
[NIC "PU.10"]
[Time "16:02:55"]
[PlyCount "80"]
[TimeControl "2700+10"]


1. e4 g6 2. d4 Bg7 3. Nf3 d6 4. Nc3 Nf6 5. Bd3 O-O 6. O-O Nc6 7. h3 e5 8.
d5 Nd4 9. Nxd4 exd4 10. Ne2 Nd7 11. Ng3 Nc5 12. a4 Qh4 13. b4 Nxd3 14. Qxd3
f5 15. Bb2 f4 16. Ne2 f3 17. Nxd4 Bxh3 18. Nxf3 Qg4 19. Ne1 Bxg2 20. Nxg2
Rf3 21. Bxg7 Rxd3 22. cxd3 Kxg7 23. Rae1 Rf8 24. f4 h5 25. Kh2 h4 26. Re3
g5 27. Ref3 gxf4 28. Nxf4 Kh6 29. R1f2 Rf7 30. Rf1 a6 31. R1f2 c6 32. dxc6
bxc6 33. d4 Rg7 34. Rf1 Rb7 35. Rb3 Qg8 36. Rff3 Qg4 37. Rf1 Qg8 38. Rbb1
Qg3+ 39. Kh1 Rf7 40. Ng2 h3 { White resigns } 0-1

[Event "ICC tourney 2198 (45 10)"]
[Site "Internet Chess Club"]
[Date "2020.12.12"]
[Round "3"]
[White "karuto2006"]
[Black "BigC"]
[Result "0-1"]
[ICCResult "White resigns"]
[WhiteElo "1699"]
[BlackElo "2290"]
[Opening "Sicilian"]
[ECO "B56"]
[NIC "SI.25"]
[Time "16:02:17"]
[PlyCount "66"]
[TimeControl "2700+10"]


1. e4 c5 2. Nf3 Nc6 3. d4 cxd4 4. Nxd4 Nf6 5. Nc3 d6 6. Be3 e5 7. Nb3 Be7
8. Bc4 O-O 9. O-O Be6 10. Bd5 a5 11. Nd2 Bxd5 12. exd5 Nb4 13. Nc4 Nd7 14.
Nb5 Nf6 15. Nc3 b5 16. Na3 Rb8 17. g4 Qd7 18. g5 Ne8 19. Kh1 Na6 20. Ne4 f5
21. gxf6 Nxf6 22. Nxf6+ Bxf6 23. c4 Nc7 24. Rc1 e4 25. Bd4 bxc4 26. Nxc4
Nxd5 27. Bxf6 Nxf6 28. Qxd6 Qxd6 29. Nxd6 Rxb2 30. a4 Rb4 31. Rc4 Rd8 32.
Rxb4 axb4 33. Nb5 Rd2 { White resigns } 0-1

[Event "ICC tourney 2198 (45 10)"]
[Site "Internet Chess Club"]
[Date "2020.12.12"]
[Round "3"]
[White "USChessNinja"]
[Black "jy2020"]
[Result "0-1"]
[ICCResult "White checkmated"]
[WhiteElo "1598"]
[BlackElo "2227"]
[Opening "Sicilian: Najdorf, Byrne (English) attack"]
[ECO "B90"]
[NIC "SI.14"]
[Time "16:02:00"]
[PlyCount "108"]
[TimeControl "2700+10"]


1. e4 c5 2. Nf3 d6 3. d4 cxd4 4. Nxd4 Nf6 5. Nc3 a6 6. Be3 e5 7. Nb3 Be6 8.
f3 h5 9. Qd2 Nbd7 10. O-O-O Rc8 11. Kb1 Be7 12. h3 b5 13. Nd5 Nxd5 14. exd5
Bf5 15. Bd3 Bxd3 16. Qxd3 Bg5 17. g4 h4 18. Rde1 Bxe3 19. Rxe3 O-O 20. Rf1
Qf6 21. Re4 Qg6 22. f4 exf4 23. Rfxf4 Rce8 24. Qf3 Nf6 25. Rxe8 Rxe8 26.
Qf2 Nxd5 27. Rd4 Ne3 28. Rd2 Nc4 29. Rd4 Qe6 30. Rd1 Qe5 31. c3 Qe4+ 32.
Ka1 Qe2 33. Qxe2 Rxe2 34. Rb1 Re3 35. Rh1 Re2 36. Rd1 Rh2 37. a3 Rxh3 38.
Nd2 Rd3 39. b3 Rxd2 40. Rxd2 Nxd2 41. Kb2 h3 42. c4 h2 43. Kc2 h1=Q 44.
Kxd2 bxc4 45. bxc4 Qf3 46. Kc2 Kf8 47. a4 Ke7 48. Kb2 Ke6 49. Kc2 Ke5 50.
Kb2 Kd4 51. Kc2 Kxc4 52. a5 Qf2+ 53. Kb1 Kb3 54. g5 Qe1# { White checkmated
} 0-1

[Event "ICC tourney 2198 (45 10)"]
[Site "Internet Chess Club"]
[Date "2020.12.12"]
[Round "3"]
[White "pika0008"]
[Black "SparkyNinja"]
[Result "1-0"]
[ICCResult "Black checkmated"]
[WhiteElo "1840"]
[BlackElo "1606"]
[Opening "English opening"]
[ECO "A05"]
[NIC "QP.11"]
[Time "16:02:26"]
[PlyCount "125"]
[TimeControl "2700+10"]


1. Nf3 Nf6 2. c4 e6 3. e3 Be7 4. b3 d5 5. Bb2 b6 6. Qc2 O-O 7. Be2 Bb7 8.
Rg1 Na6 9. a3 dxc4 10. bxc4 Nc5 11. d4 Nce4 12. g4 c5 13. g5 Ne8 14. Bd3
Nxg5 15. Nxg5 Bxg5 16. Bxh7+ Kh8 17. d5 exd5 18. cxd5 Bxd5 19. Nc3 Be6 20.
Rd1 Qe7 21. Nd5 Bxd5 22. Rxd5 Bxe3 23. Qe4 Qxe4 24. Bxe4 f5 25. Rxf5 Rxf5
26. fxe3 Rh5 27. Bxa8 Rxh2 28. Rh1 Rxh1+ 29. Bxh1 a5 30. Bc6 Nd6 31. a4 Nc4
32. Bc1 Ne5 33. Bb5 Kg8 34. Bb2 Nf7 35. Bc4 Kf8 36. Bxf7 Kxf7 37. Kf2 g6
38. e4 Ke6 39. Kf3 Kf7 40. Kg4 Ke6 41. Kg5 Kf7 42. e5 c4 43. Bc3 Ke7 44.
Kxg6 Ke6 45. Kg5 Kd7 46. Kf6 Ke8 47. Ke6 Kd8 48. Kd5 Ke7 49. Kxc4 Ke6 50.
Kb5 Ke7 51. Kxb6 Ke6 52. Kxa5 Ke7 53. Kb6 Ke6 54. a5 Ke7 55. a6 Kf7 56. a7
Ke6 57. a8=Q Ke7 58. Kc7 Kf7 59. Qd5+ Kf8 60. e6 Kg8 61. e7+ Kh7 62. e8=Q
Kh6 63. Qdh5# { Black checkmated } 1-0

[Event "ICC tourney 2198 (45 10)"]
[Site "Internet Chess Club"]
[Date "2020.12.12"]
[Round "3"]
[White "Enamul"]
[Black "KnightHopper"]
[Result "1-0"]
[ICCResult "Black resigns"]
[WhiteElo "2476"]
[BlackElo "2039"]
[Opening "Sicilian"]
[ECO "B50"]
[NIC "SI.01"]
[Time "16:02:17"]
[PlyCount "65"]
[TimeControl "2700+10"]


1. e4 c5 2. Nf3 d6 3. c3 Nf6 4. h3 Bd7 5. Bd3 Nc6 6. Bc2 g6 7. O-O Bg7 8.
Re1 O-O 9. d4 e5 10. dxc5 dxc5 11. Bg5 Qc7 12. Bxf6 Bxf6 13. Nbd2 Rad8 14.
Qe2 Bg7 15. Nc4 b5 16. Ne3 Ne7 17. a4 a6 18. b3 Bc6 19. axb5 axb5 20. c4
Qb7 21. Nd5 Bxd5 22. cxd5 Nc8 23. Qe3 Qe7 24. Bd3 f5 25. Bxb5 fxe4 26. Nd2
Nd6 27. Bc4 Rf4 28. Nxe4 Qh4 29. Nxd6 Rxd6 30. g3 Qg5 31. Ra8+ Bf8 32. h4
Qg4 33. Be2 { Black resigns } 1-0